 Dungeon Crawl Stone Soup version 0.31-a0-489-g282fc92437 (webtiles) character file.

Game seed: 12316384619728889562

88 Ethylacetat the Trooper (level 3, -1/20 HPs)
             Began as a Vine Stalker Monk on Aug 8, 2023.
             Was a Follower of Ru.
             Succumbed to a killer bee's poison
             ... on level 6 of the Dungeon.
             The game lasted 00:04:51 (1766 turns).

Ethylacetat the Trooper (Vine Stalker Monk)         Turns: 1766, Time: 00:04:52

Health: -1/20      AC:  2    Str: 16    XL:     3   Next: 54%
Magic:  7/7        EV:  4    Int: 10    God:    Ru [*.....]
Gold:   150        SH:  0    Dex: 16    Spells: 6/6 levels left

rFire   . . .        h - +1 hand axe (flame)
rCold   . . .        o - +0 buckler
rNeg    + . .        f - +0 plate armour
rPois   .            (no helmet)
rElec   .            (no cloak)
rCorr   .            (no gloves)
SInv    .            (no boots)
Will    .....        (no amulet) Stlth
                     p - ring of positive energy
HPRegen 1.03/turn    (no ring)
MPRegen 0.10/turn

%: guardian spirit
@: confused, lethally poisoned (-1 -> -7), ambrosia-drunk, corroded
A: fangs 2, regeneration 1, magic shield, antimagic bite, no potion heal 2,
inexperienced 1
a: Renounce Religion


You were on level 6 of the Dungeon.
You worshipped Ru.
Ru was aware of your devotion.
You visited 1 branch of the dungeon, and saw 4 of its levels.

You collected 150 gold pieces.

Inventory:

Hand Weapons
 h - a +1 hand axe of flaming (weapon)
Armour
 d - an orb of light
 f - a +0 plate armour (worn)
 o - a +0 buckler (worn)
Jewellery
 p - a ring of positive energy (left hand)
Wands
 k - a wand of polymorph (7)
Scrolls
 e - a scroll of noise {unknown}
 j - a scroll of immolation {unknown}
 l - 2 scrolls of enchant armour {unknown}
 m - 2 scrolls of fog {unknown}
 n - 3 scrolls of identify {unknown}
 r - a scroll of enchant weapon {unknown}
Potions
 a - a potion of magic {unknown}
 b - 2 potions of enlightenment {unknown}
 c - a potion of ambrosia
 g - a potion of heal wounds {unknown}
 i - a potion of resistance {unknown}
 q - a potion of lignification {unknown}


   Skills:
 + Level 3.5 Fighting
 + Level 3.4 Axes
 - Level 2.4 Dodging
 + Level 2.1 Spellcasting


You had 6 spell levels left.
You didn't know any spells.
Your spell library was empty.

Dungeon Overview and Level Annotations

Branches:
Dungeon (3/15)

Altars:
Ru

Shops:
D:2 (


Innate Abilities, Weirdness & Mutations

You have extremely sharp teeth.
Your natural rate of healing is unusually fast.
When hurt, damage is shared between your health and your magic reserves.
Your bite disrupts and absorbs the magic of your enemies.
Potions cannot restore your health.
You are somewhat inexperienced. (-1 XL)


Message History

The ufetubus hits you but does no damage.
You slash the ufetubus! You burn the ufetubus.
You kill the ufetubus!
You hit the jelly. You burn the jelly. The acid corrodes you!
Your hands burn!
The jelly is lightly wounded.
The jelly hits you but does no damage.
You hit the jelly. You burn the jelly. The acid corrodes you!
Your hands burn!
The jelly is heavily wounded.
The jelly hits you.
You are splashed with acid.
You are too injured to fight recklessly!
You are too injured to fight recklessly!
You are too injured to fight recklessly!
You are too injured to fight recklessly!
Okay, then.
Aiming: Polymorph
Press: ? - help, Shift-Dir - straight line, f - jelly
Aim: a jelly (heavily wounded, will become a bullfrog, a killer bee, or an iguana, chance to affect: 57%)
The jelly resists with significant effort.
The jelly hits you but does no damage.
Aiming: Polymorph
Press: ? - help, Shift-Dir - straight line, f/p - jelly
Aim: a jelly (heavily wounded, will become a bullfrog, a killer bee, or an iguana, chance to affect: 57%)
The jelly evaporates and reforms as a killer bee!
The killer bee stings you.
Unknown command.
You barely miss the killer bee. You block the killer bee's attack.
The killer bee stings you.
You are poisoned.
The killer bee poisons you!
Unknown command.
You are confused.
Your system rejects the healing.
You feel invigorated.
You feel sick. The killer bee stings you!
* * * LOW HITPOINT WARNING * * *
You are lethally poisoned!
The killer bee poisons you! The killer bee stings you.
* * * LOW HITPOINT WARNING * * *
You hit the killer bee. You burn the killer bee.
The killer bee is lightly wounded.
You die...

..... .... ##... .... #..# ?.#
#y# #@# #.# ######### #.#
######### #.......# #.# #.......#
#.#####.########.########.#####.#
#.##..........................#.#
#.##.##.####......#.#####.###.#.#
#.##.##.# #.###....# #.# #.#.#
......#.## #.# #..#.# #.###.#>#


You could see a killer bee.

Vanquished Creatures
  3 adders (D:2)
  An ufetubus (D:6)
  7 ball pythons
  4 bats
  2 endoplasms (D:2)
  2 giant cockroaches (D:2)
  9 goblins
  4 hobgoblins
  3 quokkas
  5 frilled lizards
  7 kobolds
  8 rats
55 creatures vanquished.

Notes
Turn   | Place    | Note
-------+----------+-------------------------------------------
     0 | D:1      | Ethylacetat the Vine Stalker Monk began the quest for the
                  | Orb.
     0 | D:1      | Reached XP level 1. HP: 11/11 MP: 2/2
    99 | D:1      | Reached XP level 2. HP: 14/16 MP: 3/3
   174 | D:1      | Reached skill level 1 in Spellcasting
   658 | D:2      | Reached XP level 3. HP: 20/20 MP: 5/5
  1020 | D:2      | Found Zoawkoqi's Antique Weapon Shop.
  1107 | D:2      | Gained mutation: Your natural rate of healing is unusually
                  | fast. [Vine Stalker growth]
  1107 | D:2      | Reached XP level 4. HP: 24/24 MP: 7/7
  1458 | D:3      | Found a faded altar of an unknown god.
  1506 | D:3      | Prayed at the altar of an unknown god.
  1506 | D:3      | Became a worshipper of Ru the Awakened
  1524 | D:3      | Gained mutation: You are somewhat inexperienced. (-1 XL)
                  | [Ru sacrifice]
  1524 | D:3      | Reached XP level 3. HP: 20/20 MP: 7/7
  1524 | D:3      | Reached * piety under Ru
  1590 | D:3      | You fall into a shaft and drop 3 floors!
  1765 | D:6      | HP: 1/20 [killer bee (2)]
  1766 | D:6      | Succumbed to a killer bee's poison

Illustrated notes

Levels and vault maps discovered:
D:1:      spicycebolla_arrival_clurvy, layout_basic,
          nicolae_twisty_statue_hallways
D:2:      layout_basic, serial_shops, nicolae_shop_trees,
          kennysheep_generic_room_16
D:3:      layout_rooms, nemelex_spade_bored_becter,
          shapermc_ecumenical_altar_venn, solitary_fountain
D:6:      layout_loops_corners

Skill      XL: |  1  2  3  4 |
---------------+-------------+-----
Spellcasting   | 1 2 |  2.1
Fighting       | 3 |  3.5
Axes           | 3 |  3.4
Dodging        | |  2.4

Action                     |  1- 3 |  4- 6 || total
---------------------------+-------+-------++-------
  Melee: Hand axe          |    86 |    33 ||   119
         Bite              |    16 |     7 ||    23
 Invoke: Sacrifice Experie |     1 |       ||     1
  Evoke: Wand              |     2 |       ||     2
    Use: Potion            |     1 |       ||     1
   Stab: Distracted        |     1 |       ||     1
 Armour: Plate armour      |    51 |    32 ||    83
         Robe              |     4 |       ||     4
  Dodge: Dodged            |    35 |     7 ||    42
  Block: Buckler           |     6 |     4 ||    10

Table legend: (Time is in decaauts)
 A = Elapsed time spent in this place.
 B = Non-inter-level travel time spent in this place.
 C = Inter-level travel time spent in this place.
 D = Time resting spent in this place.
 E = Time spent auto-exploring this place.
 F = Levels seen in this place.
 G = Mean time per level.
                   A        B        C        D        E       F      G
               +--------+--------+--------+--------+--------+-----+--------+
         Total |   1783 |   1696 |     87 |      0 |   1356 |   4 |  445.8 |
       Dungeon |   1783 |   1696 |     87 |      0 |   1356 |   4 |  445.8 |
               +--------+--------+--------+--------+--------+-----+--------+

Top non-repeatable levels by time:
     D:2: 784 daAuts
     D:1: 660 daAuts
     D:6: 177 daAuts
     D:3: 161 daAuts
